 Dungeon Crawl Stone Soup version 0.18-a0-2-g0e512fa (webtiles) character file.

44 Duskembrace the Vexing (level 3, -5/14 HPs)
             Began as a Felid Enchanter on Oct 31, 2015.
             Blown up by Ijyb (11 damage)
             ... with a wand of disintegration
             ... on level 3 of the Dungeon on Nov 1, 2015.
             The game lasted 00:07:44 (2149 turns).

Duskembrace the Vexing (Felid Enchanter)            Turns: 2149, Time: 00:07:44

Health: -5/14      AC:  1    Str:  4    XL:     3   Next: 39%
Magic:  1/7        EV: 18    Int: 17    God:
Gold:   62         SH:  0    Dex: 16    Spells: 3 memorised, 0 levels left
                                        Lives:  0   Deaths: 1

rFire  . . .     SeeInvis +       - Unarmed
rCold  . . .     Clarity  .     (armour unavailable)
rNeg   . . .     SustAt   .     (shield unavailable)
rPois  .         Gourm    .     (helmet unavailable)
rElec  .         Spirit   .     (cloak unavailable)
rCorr  .         Warding  .     (gloves unavailable)
rMut   +         Stasis   .     (boots unavailable)
MR     .....                    g - amulet of resist mutation
Stlth  ++++......               (no ring)
                                p - ring of flight

@: quick, not resistant to hostile enchantments, stealthy
A: no armour, no weapons or thrown items, claws 1, fangs 3, see invisible,
carnivore 3, speed 1, shaggy fur 1, slow metabolism 1, sharp paws
a: Evoke Flight


You were on level 3 of the Dungeon.
You were not hungry.

You visited 1 branch of the dungeon, and saw 3 of its levels.

You collected 62 gold pieces.

Inventory:

Jewellery
 g - an amulet of resist mutation (around neck)
 p - a ring of flight (left paw)
Scrolls
 c - a scroll of blinking {unknown}
 d - a scroll of amnesia {unknown}
 e - a scroll of fog {unknown}
 i - a scroll of fear {unknown}
 j - a scroll of recharging {unknown}
 m - 2 scrolls of identify {unknown}
 o - a scroll of random uselessness {unknown}
 t - a scroll of teleportation {unknown}
Potions
 f - 2 potions of curing {unknown}
 k - 2 potions of flight {unknown}
 l - a potion of poison {unknown}
 n - a potion of heal wounds {unknown}
 r - a potion of haste {unknown}
 s - 2 potions of agility {unknown}
Books
 a - a book of Maledictions

   Spells                             Type                      Level
   a - Corona                         Hexes                        1
   b - Ensorcelled Hibernation        Hexes/Ice                    2
   c - Confuse                        Hexes                        3
   d - Tukima's Dance                 Hexes                        3
   e - Dazzling Spray                 Conjuration/Hexes            3
Comestibles
 b - 2 meat rations
 h - a slice of pizza
 q - a beef jerky


   Skills:
 - Level 2.6 Dodging
 + Level 5.2 Stealth
 - Level 1.0 Unarmed Combat
 - Level 2.0 Spellcasting
 * Level 6.8 Hexes


You couldn't memorise any spells.
You knew the following spells:

 Your Spells              Type           Power        Failure   Level  Hunger
a - Corona                Hex            ###....      1%          1    #......
b - Ensorcelled Hibernat  Hex/Ice        ##....       10%         2    ###....
c - Confuse               Hex            ###.....     4%          3    ###....


Dungeon Overview and Level Annotations

Branches:
Dungeon (3/15)

Altars:
Qazlal

Annotations:
D:3 Ijyb


Innate Abilities, Weirdness & Mutations

You cannot wear armour.
You are incapable of wielding weapons or throwing items.
You have sharp claws.
You have razor-sharp teeth.
You have supernaturally acute eyesight.
You are carnivorous and can eat meat at any time.
You cover ground quickly.
You are covered in fur (AC +1).
You have a slow metabolism.
Your sharp claws are effective at attacking unaware monsters.


Message History

You die...
You are now level 3!
You rejoin the land of the living...
Ijyb zaps a wand.
You are blasted!
Ouch! That really hurt!
Casting: Ensorcelled Hibernation
Confirm with . or Enter, or press ? or * to list all spells.
Aiming: Confuse
Press: ? - help, Shift-Dir - straight line, f - Ijyb
Aim: Ijyb, carrying a wand of disintegration {zapped: 3} (chance to defeat MR: 62%) Ijyb resists with significant effort.
Ijyb zaps a wand.
You barely resist.
Casting: Confuse
Confirm with . or Enter, or press ? or * to list all spells.
Aiming: Confuse
Press: ? - help, Shift-Dir - straight line, f/p - Ijyb
Aim: Ijyb, carrying a wand of disintegration {zapped: 4} (chance to defeat MR: 62%) Ijyb resists with significant effort.
Ijyb zaps a wand.
You are blasted!
Ouch! That really hurt!
You die...

#....#.. ....
#....#.######.....
#....#.......##...
#....#............
#....#....†.......
#....#.####.......
#......####.......
#...............#.
#....@...g.##g..'.
#..........# .#.#.
###'###....# #.#
#.# ....# #
#######.###......
#...†).........##.
#.#####........#
#.# #(.....(#≈ #.#
#...#...≈≈


You could see Ijyb.

Vanquished Creatures
  4 adders
  A giant gecko (D:2)
  6 orcs (D:3)
  9 bats
  A giant cockroach (D:1)
  5 goblins
  2 hobgoblins (D:1)
  4 jackals
  7 kobolds
  4 giant newts
  8 rats
51 creatures vanquished.

Notes
Turn   | Place    | Note
--------------------------------------------------------------
     0 | D:1      | Duskembrace the Felid Enchanter began the quest for the Orb.
     0 | D:1      | Reached XP level 1. HP: 7/7 MP: 4/4
   327 | D:1      | Reached XP level 2. HP: 11/11 MP: 6/6
   332 | D:1      | Reached skill level 5 in Hexes
   336 | D:1      | Learned a level 2 spell: Ensorcelled Hibernation
   963 | D:2      | Found a faded altar to an unknown god.
   976 | D:2      | Reached XP level 3. HP: 8/14 MP: 4/7
   981 | D:2      | Learned a level 3 spell: Confuse
  1230 | D:2      | Noticed an earth elemental
  1231 | D:2      | Noticed a fire elemental
  1237 | D:2      | Found a stormy altar of Qazlal.
  1239 | D:2      | Noticed an air elemental
  1239 | D:2      | Noticed a water elemental
  1243 | D:2      | Reached skill level 6 in Hexes
  1731 | D:2      | Reached skill level 5 in Stealth
  1774 | D:3      | Reached XP level 4. HP: 12/18 MP: 8/8
  2136 | D:3      | Noticed Ijyb
  2141 | D:3      | Blown up by Ijyb
  2142 | D:3      | Reached XP level 3. HP: -5/14 MP: 7/7
  2149 | D:3      | Blown up by Ijyb

Vault maps used:
D:1:      lemuel_arrival_rhombus
D:2:      nicolae_qazlal_style_of_elements, serial_forest,
          infiniplex_forest_straight_4, infiniplex_forest_clump_long,
          infiniplex_forest_zigzag_2, infiniplex_forest_fountain,
          infiniplex_forest_end_3, infiniplex_forest_lined_room_,
          infiniplex_forest_straight_5, infiniplex_forest_lined_3,
          ecumenical_altar_1
D:3:      marbit_many_paths, serial_bayou_lagoon_b, uniq_grinder, uniq_iyjb

Action                   |  1- 3 |  4- 6 || total
-------------------------+-------+-------++-------
Melee: Unarmed           |    80 |    24 ||   104
 Cast: Corona            |     2 |       ||     2
       Ensorcelled Hiber |    13 |     6 ||    19
       Confuse           |     2 |       ||     2
 Stab: Sleeping          |    26 |     8 ||    34
       Distracted        |       |     1 ||     1
  Eat: Chunk             |     5 |     5 ||    10
